NWL (28 & UNDER)
BALZAC RAMS @ BISMARK BORDER GUARDS
08/05/2029
 
TOP OF THE 1ST
Balzac Rams batting - Pitching for Bismark Border Guards : RHP Miguel Valenzuela
Pitching: RHP Miguel Valenzuela
Batting: SHB Emílio Calvillo 0-0: Ball
1-0: Foul Ball, location: 2F
1-1: Ground out 5-3 (Groundball, 5)
Batting: RHB Santiago Rivera 0-0: Ball
1-0: Ball
2-0: Fly out, F5 (Flyball, 56D)
Batting: RHB Ken Longoria 0-0: Ball
1-0: Called Strike
1-1: Called Strike
1-2: Strikes out looking
Top of the 1st over - 0 runs, 0 hits, 0 errors, 0 left on base; Balzac 0 - Bismark 0
BOTTOM OF THE 1ST
Bismark Border Guards batting - Pitching for Balzac Rams : RHP Henry Carroll
Pitching: RHP Henry Carroll
Batting: RHB Alfredo Farías 0-0: Ball
1-0: Ball
2-0: Called Strike
2-1: Called Strike
2-2: SINGLE (Flyball, 9LS)
Batting: LHB Will Hill 0-0: Called Strike
0-1: Fly out, F9 (Flyball, 9S)
Batting: RHB Jackson Gibson 0-0: Foul Ball, location: 2F
0-1: Ball
1-1: Foul Ball, location: 2F
1-2: Ball
Alfredo Farías steals 2nd base
2-2: Foul Ball, location: 2F
2-2: Strikes out looking
Batting: LHB Alan Moore 0-0: Ball
1-0: Ball
2-0: SINGLE (Line Drive, 4M)
Alfredo Farías to third
Runner from 3rd tries for Home, SAFE, no throw
Batting: RHB Vincent Braun 0-0: Ball
1-0: SINGLE (Line Drive, 3D)
Alan Moore to second
Runner from 2nd tries for 3rd, SAFE, no throw
Batting: RHB Danny Spode 0-0: Ball
1-0: Ball
2-0: Ball
3-0: Called Strike
3-1: Base on Balls
Vincent Braun to second
Batting: RHB Sergio Solíz 0-0: Ball
1-0: Ball
2-0: Called Strike
2-1: SINGLE (Line Drive, 8RS)
Alan Moore scores
Vincent Braun to third
Danny Spode to second
Runner from 3rd tries for Home, SAFE, no throw
Batting: LHB Kelsey Scott 0-0: SINGLE (Groundball, 34S) (infield hit)
Danny Spode to third
Sergio Solíz to second
Batting: RHB Rodrigo García 0-0: Fly out, F8 (Flyball, 8RM)
Bottom of the 1st over - 3 runs, 5 hits, 0 errors, 3 left on base; Balzac 0 - Bismark 3
TOP OF THE 2ND
Balzac Rams batting - Pitching for Bismark Border Guards : RHP Miguel Valenzuela
Batting: RHB Gunner Allen 0-0: Called Strike
0-1: TRIPLE (Flyball, 8LXD)
Batting: RHB Lorenzo Silva 0-0: Swinging Strike
0-1: Foul Ball, location: 2F
0-2: Ball
1-2: Ball
2-2: Ball
3-2: Base on Balls
Batting: LHB Troy Jackson 0-0: Fly out, F7 (Flyball, 7S)
Runner from 3rd tags up, SCORES, throw made
Batting: LHB Rodney Harrison 0-0: Ground out 4-3 (Groundball, 4S)
Lorenzo Silva to second
Batting: RHB Jason Ward 0-0: Foul Ball, location: 2F
0-1: Foul Ball, location: 2F
0-2: Ball
1-2: Foul Ball, location: 2F
1-2: Foul Ball, location: 2F
1-2: Ground out 6-3 (Groundball, 56)
Top of the 2nd over - 1 run, 1 hit, 0 errors, 1 left on base; Balzac 1 - Bismark 3
BOTTOM OF THE 2ND
Bismark Border Guards batting - Pitching for Balzac Rams : RHP Henry Carroll
Batting: RHB Alfredo Farías 0-0: Ball
1-0: Ball
2-0: Ball
3-0: Called Strike
3-1: Called Strike
3-2: Strikes out looking
Batting: LHB Will Hill 0-0: Ball
1-0: Foul Ball, location: 2F
1-1: Ground out 4-3 (Groundball, 34D)
Batting: RHB Jackson Gibson 0-0: Ball
1-0: Called Strike
1-1: Ball
2-1: Ball
3-1: Called Strike
3-2: Foul Ball, location: 2F
3-2: DOUBLE (Line Drive, 7LD)
Batting: LHB Alan Moore 0-0: Called Strike
0-1: Ball
1-1: Ball
2-1: Ball
3-1: SINGLE (Line Drive, 34D)
Jackson Gibson to third
Runner from 3rd tries for Home, SAFE, no throw
Batting: RHB Vincent Braun 0-0: Ball
1-0: Ball
Wild Pitch!
Alan Moore to second
2-0: Ball
3-0: Called Strike
3-1: Foul Ball, location: 2F
3-2: Fly out, F4 (Popup, 4S)
Bottom of the 2nd over - 1 run, 2 hits, 0 errors, 1 left on base; Balzac 1 - Bismark 4
TOP OF THE 3RD
Balzac Rams batting - Pitching for Bismark Border Guards : RHP Miguel Valenzuela
Batting: RHB Brian Parks 0-0: Ground out 4-3 (Groundball, 4)
Batting: SHB Emílio Calvillo 0-0: Ball
1-0: Ball
2-0: Ball
3-0: Called Strike
3-1: Ground out 6-3 (Groundball, 6)
Batting: RHB Santiago Rivera 0-0: Ball
1-0: Ground out 5-3 (Groundball, 5)
Top of the 3rd over - 0 runs, 0 hits, 0 errors, 0 left on base; Balzac 1 - Bismark 4
BOTTOM OF THE 3RD
Bismark Border Guards batting - Pitching for Balzac Rams : RHP Henry Carroll
Batting: RHB Danny Spode 0-0: Ground out 5-3 (Groundball, 56S)
Batting: RHB Sergio Solíz 0-0: Called Strike
0-1: Ball
1-1: Fly out, F6 (Popup, 6MD)
Batting: LHB Kelsey Scott 0-0: Ball
1-0: Ball
2-0: Called Strike
2-1: Foul Ball, location: 2F
2-2: Strikes out swinging
Bottom of the 3rd over - 0 runs, 0 hits, 0 errors, 0 left on base; Balzac 1 - Bismark 4
TOP OF THE 4TH
Balzac Rams batting - Pitching for Bismark Border Guards : RHP Miguel Valenzuela
Batting: RHB Ken Longoria 0-0: Called Strike
0-1: Ball
1-1: Foul Ball, location: 2F
1-2: Ball
2-2: SOLO HOME RUN (Flyball, 9LD), Distance : 348 ft
Batting: RHB Gunner Allen 0-0: Ball
1-0: Swinging Strike
1-1: Swinging Strike
1-2: Ball
2-2: Strikes out looking
Batting: RHB Lorenzo Silva 0-0: Hit by Pitch
Batting: LHB Troy Jackson 0-0: Ball
1-0: Foul Ball, location: 2F
1-1: Ball
2-1: Fly out, F6 (Popup, 56D)
Batting: LHB Rodney Harrison 0-0: Called Strike
0-1: Ball
1-1: SINGLE (Line Drive, 78S)
Lorenzo Silva to second
Batting: RHB Jason Ward 0-0: Ball
1-0: Foul Ball, location: 2F
1-1: Fly out, F8 (Flyball, 89M)
Top of the 4th over - 1 run, 2 hits, 0 errors, 2 left on base; Balzac 2 - Bismark 4
BOTTOM OF THE 4TH
Bismark Border Guards batting - Pitching for Balzac Rams : RHP Henry Carroll
Batting: RHB Rodrigo García 0-0: Ball
1-0: DOUBLE (Flyball, 78XD)
Batting: RHB Alfredo Farías 0-0: Ball
1-0: Swinging Strike
1-1: Foul Ball, location: 2F
1-2: Ball
2-2: SINGLE (Line Drive, 9LS)
Rodrigo García to third
Batting: LHB Will Hill 0-0: Fly out, F6 (Popup, 6MD)
Batting: RHB Jackson Gibson 0-0: Ball
Alfredo Farías is caught stealing 2nd base
1-0: Foul Ball, location: 2F
1-1: Ball
2-1: Ball
3-1: Base on Balls
Batting: LHB Alan Moore 0-0: Ball
1-0: Foul Ball, location: 2F
1-1: Ball
2-1: Foul Ball, location: 2F
2-2: Foul Ball, location: 2F
2-2: SINGLE (Groundball, 34D)
Rodrigo García scores
Jackson Gibson to second
Runner from 2nd tries for 3rd, SAFE, throw made to third
Batting: RHB Vincent Braun 0-0: Swinging Strike
0-1: Ball
1-1: DOUBLE (Line Drive, 78D)
Jackson Gibson scores
Alan Moore to third
Runner from 3rd tries for Home, SAFE, no throw
Pitching: RHP Aaron Williams
Batting: RHB Danny Spode 0-0: Ball
1-0: Ball
2-0: Ball
3-0: Base on Balls
Batting: RHB Sergio Solíz 0-0: Ball
1-0: Fly out, F7 (Flyball, 7LS)
Bottom of the 4th over - 3 runs, 4 hits, 0 errors, 2 left on base; Balzac 2 - Bismark 7
TOP OF THE 5TH
Balzac Rams batting - Pitching for Bismark Border Guards : RHP Miguel Valenzuela
Batting: RHB Brian Parks 0-0: Ball
1-0: Called Strike
1-1: Called Strike
1-2: Ball
2-2: Strikes out swinging
Batting: SHB Emílio Calvillo 0-0: Ball
1-0: Called Strike
1-1: Ball
2-1: Foul Ball, location: 2F
2-2: SINGLE (Line Drive, 6MD)
Batting: RHB Santiago Rivera 0-0: Ground out 1-3 (Groundball, P)
Emílio Calvillo to second
Batting: RHB Ken Longoria 0-0: Called Strike
0-1: Swinging Strike
0-2: Strikes out swinging
Top of the 5th over - 0 runs, 1 hit, 0 errors, 1 left on base; Balzac 2 - Bismark 7
BOTTOM OF THE 5TH
Bismark Border Guards batting - Pitching for Balzac Rams : RHP Aaron Williams
Batting: LHB Kelsey Scott 0-0: Foul Ball, location: 2F
0-1: Ball
1-1: Ball
2-1: Ball
3-1: Base on Balls
Batting: RHB Rodrigo García 0-0: Ball
1-0: Called Strike
1-1: Swinging Strike
1-2: Foul Ball, location: 2F
1-2: Strikes out swinging
Batting: RHB Alfredo Farías 0-0: Called Strike
0-1: Ball
Wild Pitch!
Kelsey Scott to second
1-1: DOUBLE (Line Drive, 89D)
Kelsey Scott scores
Batting: LHB Will Hill 0-0: Swinging Strike
0-1: Swinging Strike
0-2: Ball
1-2: Strikes out looking
Batting: RHB Jackson Gibson 0-0: Called Strike
0-1: Called Strike
0-2: SINGLE (Line Drive, 3D)
Alfredo Farías to third
Runner from 3rd tries for Home, SAFE, throw made home
Jackson Gibson to second
Batting: LHB Alan Moore 0-0: Ball
1-0: Called Strike
1-1: Hit by Pitch
Batting: RHB Vincent Braun 0-0: Foul Ball, location: 2F
0-1: Ball
1-1: Ball
Passed Ball!
Jackson Gibson to third
Alan Moore to second
2-1: Swinging Strike
2-2: Strikes out looking
Bottom of the 5th over - 2 runs, 2 hits, 0 errors, 2 left on base; Balzac 2 - Bismark 9
TOP OF THE 6TH
Balzac Rams batting - Pitching for Bismark Border Guards : RHP Miguel Valenzuela
Batting: RHB Gunner Allen 0-0: Called Strike
0-1: Swinging Strike
0-2: Foul Ball, location: 2F
0-2: Strikes out swinging
Batting: RHB Lorenzo Silva 0-0: Called Strike
0-1: Ball
1-1: Called Strike
1-2: Strikes out looking
Batting: LHB Troy Jackson 0-0: Called Strike
0-1: Called Strike
0-2: Ball
1-2: Strikes out looking
Top of the 6th over - 0 runs, 0 hits, 0 errors, 0 left on base; Balzac 2 - Bismark 9
BOTTOM OF THE 6TH
Bismark Border Guards batting - Pitching for Balzac Rams : RHP Aaron Williams
Batting: RHB Danny Spode 0-0: Ball
1-0: Ball
2-0: Foul Ball, location: 2F
2-1: Ball
3-1: DOUBLE (Line Drive, 7LM)
Batting: RHB Sergio Solíz 0-0: Called Strike
0-1: Ball
1-1: Called Strike
1-2: Foul Ball, location: 2F
1-2: DOUBLE (Flyball, 8RD)
Danny Spode scores
Batting: LHB Kelsey Scott 0-0: Foul Ball, location: 2F
0-1: Ball
1-1: Swinging Strike
1-2: Ball
2-2: Ground out 6-3 (Groundball, 6)
Sergio Solíz to third
Batting: RHB Rodrigo García 0-0: Ball
1-0: Foul Ball, location: 2F
1-1: Called Strike
1-2: Ball
Passed Ball!
Sergio Solíz scores
2-2: Ball
3-2: Base on Balls
Batting: RHB Alfredo Farías 0-0: Ball
1-0: Fielders Choice at 2nd, 4-6 (Groundball, 4)
Batting: LHB Will Hill Pickoff Throw to First - Error! E1
Alfredo Farías to second
0-0: Ball
1-0: Ball
2-0: Ball
3-0: Base on Balls
Batting: RHB Jackson Gibson 0-0: Called Strike
0-1: Ball
1-1: Called Strike
1-2: Ball
2-2: Foul Ball, location: 2F
2-2: Ball
3-2: Foul Ball, location: 2F
3-2: Foul Ball, location: 2F
3-2: Foul Ball, location: 2F
3-2: Base on Balls
Alfredo Farías to third
Will Hill to second
Batting: LHB Alan Moore 0-0: Called Strike
0-1: Ball
1-1: Ball
2-1: Ball
Wild Pitch!
Alfredo Farías scores
Will Hill to third
Jackson Gibson to second
3-1: Base on Balls
Batting: RHB Vincent Braun 0-0: Ball
1-0: Called Strike
1-1: Fly out, F8 (Flyball, 8RD)
Bottom of the 6th over - 3 runs, 2 hits, 1 error, 3 left on base; Balzac 2 - Bismark 12
TOP OF THE 7TH
Balzac Rams batting - Pitching for Bismark Border Guards : RHP Miguel Valenzuela
Now in LF: Oliver Sánchez
Batting: LHB Rodney Harrison 0-0: Ball
1-0: Swinging Strike
1-1: Ball
2-1: Ball
3-1: Base on Balls
Batting: RHB Jason Ward 0-0: Swinging Strike
0-1: Ball
1-1: Ball
2-1: Ball
3-1: Foul Ball, location: 2F
3-2: Fly out, F7 (Line Drive, 7)
Batting: RHB Brian Parks 0-0: Called Strike
0-1: Called Strike
0-2: Ball
1-2: Foul Ball, location: 2F
1-2: Ground out 5-3 (Groundball, 56S)
Rodney Harrison to second
Batting: SHB Emílio Calvillo 0-0: Ball
1-0: Ball
2-0: Called Strike
2-1: Foul Ball, location: 2F
2-2: Foul Ball, location: 2F
2-2: Foul Ball, location: 2F
2-2: Foul Ball, location: 2F
2-2: Ground out 4-3 (Groundball, 34)
Top of the 7th over - 0 runs, 0 hits, 0 errors, 1 left on base; Balzac 2 - Bismark 12
BOTTOM OF THE 7TH
Bismark Border Guards batting - Pitching for Balzac Rams : RHP Aaron Williams
Batting: RHB Danny Spode 0-0: Called Strike
0-1: Ball
1-1: Foul Ball, location: 2F
1-2: Strikes out swinging
Batting: RHB Sergio Solíz 0-0: Hit by Pitch
Batting: LHB Kelsey Scott 0-0: Ball
Sergio Solíz is caught stealing 2nd base
Saturday, December 16th, 2017 - OOTP Baseball 18.8 Build 76